 Dungeon Crawl Stone Soup version 0.24-a0-517-gd52e2fb (webtiles) character file.

Game seed: 17685409761628784985

77 DinnerBoy7 the Skirmisher (level 4, 38/38 HPs)
             Began as a Centaur Fighter on July 22, 2019.
             Quit the game on level 2 of the Dungeon.
             The game lasted 00:07:09 (1590 turns).

DinnerBoy7 the Skirmisher (Centaur Fighter)         Turns: 1590, Time: 00:07:09

Health: 38/38      AC:  9    Str: 19    XL:     4   Next: 14%
Magic:  4/4        EV:  6    Int:  7    God:
Gold:   48         SH:  8    Dex:  9    Spells: 3/3 levels left

rFire    . . .     SeeInvis .   a - +0 war axe
rCold    . . .     Gourm    .   c - +0 shield
rNeg     . . .     Faith    .   h - +1 ring mail (curse)
rPois    .         Spirit   .   (no helmet)
rElec    .         Reflect  .   (no cloak)
rCorr    .         Harm     .   (no gloves)
MR       .....                  (no barding)
Stlth    ..........             j - amulet of magic regeneration
HPRegen  0.12/turn              k - +2 ring of protection
MPRegen  0.34/turn              (no ring)

@: very quick
A: large, hooves 3, deformed body, speed 2, tough skin 3
a: no special abilities


You were on level 2 of the Dungeon.
You were not hungry.

You visited 1 branch of the dungeon, and saw 2 of its levels.

You collected 48 gold pieces.

Inventory:

Hand Weapons
 a - a +0 war axe (weapon)
Armour
 b - a +0 scale mail
 c - a +0 shield (worn)
 h - a cursed +1 ring mail (worn)
 m - a +0 chain mail
Jewellery
 j - an amulet of magic regeneration (around neck)
 k - a +2 ring of protection (left hand)
Scrolls
 g - a scroll of immolation {unknown}
Potions
 d - a potion of might
 e - a potion of mutation {unknown}
 i - a potion of heal wounds
 l - a potion of cancellation {unknown}
Comestibles
 f - 7 rations


   Skills:
 + Level 3.5 Fighting
 + Level 2.6 Axes
 + Level 2.6 Armour
 + Level 2.6 Shields


You had 3 spell levels left.
You didn't know any spells.
Your spell library was empty.

Dungeon Overview and Level Annotations

Branches:
Dungeon (2/15)

Altars:


Innate Abilities, Weirdness & Mutations

You have hooves in place of feet.
Armour fits poorly on your strangely shaped body.
You cover ground very quickly.
You have extremely tough skin. (AC +3)


Message History

You closely miss the adder.
The adder is almost dead.
You block the adder's attack. The adder barely misses you.
You slash the adder!
You kill the adder!
You closely miss the frilled lizard. The frilled lizard bites you.
You closely miss the frilled lizard. Your kick misses the frilled lizard.
You block the frilled lizard's attack.
The frilled lizard bites you but does no damage.
You miss the frilled lizard. Your kick misses the frilled lizard.
The frilled lizard bites you but does no damage.
You slash the frilled lizard!
You kill the frilled lizard!
Things that are here:
a +0 dagger; a frilled lizard corpse; a goblin corpse
Found a scroll labeled KUENAPS UHEOF.
g - a scroll labeled KUENAPS UHEOF
Found a hand axe.
Unknown command.
Are you sure you want to abandon this character and quit the game? (Confirm with "yes".)

#.# #.#
#.##
#..#
##.# #.#
#.#
#####.##
#..@...#
#####.)#
#..# #
#..# #
...# # #
##.# ##
# .. #.
# .. #.
#.


There were no monsters in sight!

Vanquished Creatures
  3 adders (D:2)
  2 oozes
  2 worms (D:2)
  3 dart slugs
  A leopard gecko (D:2)
  A giant cockroach (D:1)
  4 goblins
  4 hobgoblins
  3 kobolds
  5 bats
  A frilled lizard (D:2)
  3 rats
32 creatures vanquished.

Notes
Turn   | Place    | Note
-------+----------+-------------------------------------------
     0 | D:1      | DinnerBoy7 the Centaur Fighter began the quest for the Orb.
     0 | D:1      | Reached XP level 1. HP: 19/19 MP: 1/1
   261 | D:1      | Reached XP level 2. HP: 26/26 MP: 2/2
   281 | D:1      | You fall into a shaft and drop 1 floor!
   546 | D:2      | Reached XP level 3. HP: 29/31 MP: 3/3
  1546 | D:2      | Reached XP level 4. HP: 38/38 MP: 4/4
  1590 | D:2      | Quit the game

Levels and vault maps discovered:
D:1:      lemuel_arrival_broad_hall, layout_basic,
          corexii_item_surrounded_by_moat, minmay_ruptured
D:2:      layout_loops_ring, marbit_many_paths, minmay_shallow_snake_nest,
          uniq_terence, uniq_crazy_yiuf_cottage, uniq_robin

Skill      XL: |  1 |
---------------+----+-----
Axes           | 2 |  2.6
Fighting       | |  3.5
Armour         | |  2.6
Shields        | |  2.6

Action                   |  1- 3 |  4- 6 || total
-------------------------+-------+-------++-------
Melee: War axe           |    99 |     8 ||   107
       Kick              |    12 |       ||    12
  Use: Scroll            |     6 |       ||     6
  Eat: Ration            |     1 |       ||     1
Armor: Scale mail        |    23 |       ||    23
       Ring mail         |    33 |     4 ||    37
Dodge: Dodged            |    41 |     2 ||    43
Block: Shield            |    51 |     4 ||    55

Table legend:
 A = Non-vault XP
 B = Vault XP
 C = Vault XP percentage of total XP
 D = Non-vault monster count
 E = Vault monster count
 F = Vault count percentage of total count
                 A         B        C        D         E       F
            +---------+---------+-------+---------+---------+-------
      Total |     106 |       5 |   4.5 |      30 |       2 |   6.2
            +---------+---------+-------+---------+---------+-------
        D:1 |      27 |       5 |  15.6 |      13 |       2 |  13.3
        D:2 |      79 |       0 |   0.0 |      17 |       0 |   0.0
            +---------+---------+-------+---------+---------+-------
